AoeStats
← taj37taj

Arabia

508021137Analyzed
1v1 RM · 10d ago on Sep 20, 2026· 47m 39s· 2 players
Game mode
Random Map
Map size
Tiny (2 player)
Population
200
Speed
Normal
Resources
Standard
Victory
Conquest
Starting age
Dark Age
Ending age
Imperial Age
RankedLock teamsTeams togetherTeam positionsShared explorationLock speedFull tech treeHidden civsTurbo modeCheats
Victory
Defeat
🇦🇺 Spanish · Australia
684
+18
🇦🇷 Aztecs · Argentina
719
-18
taj37taj
12:40 Feudal Age
12:42 Loom
13:58 Wheelbarrow
16:10 Man-at-Arms
16:36 Arson
19:29 Loom
19:30 Town Watch
22:40 Castle Age
21:13 Bloodlines
21:33 Forging
22:13 Scale Barding Armor
24:18 Hand Cart
24:08 Husbandry
25:03 Iron Casting
25:01 Double-Bit Axe
28:13 Bow Saw
28:23 Gambesons
29:33 Squires
29:55 Long Swordsman
29:57 Light Cavalry
31:07 Chain Barding Armor
31:21 Gold Mining
31:22 Stone Mining
31:26 Horse Collar
34:07 Fletching
34:18 Padded Archer Armor
34:22 Scale Mail Armor
38:53 Imperial Age
37:16 Town Patrol
36:45 Elite Skirmisher
37:32 Thumb Ring
38:35 Chain Mail Armor
40:08 Conscription
39:24 Sappers
39:15 Elite Conquistador
40:29 Supremacy
41:28 Two-Man Saw
41:53 Blast Furnace
41:55 Plate Barding Armor
41:53 Plate Mail Armor
42:11 Plate Barding Armor
42:06 Plate Mail Armor
42:06 Fletching
42:31 Leather Archer Armor
41:50 Cavalier
41:58 Two-Handed Swordsman
42:01 Hussar
42:07 Hussar
43:05 Paladin
45:12 Masonry
46:08 Chemistry
45:04 Murder Holes
45:10 Bodkin Arrow
45:45 Ring Archer Armor
KokySora
6:34 Loom
9:52 Feudal Age
10:28 Double-Bit Axe
23:41 Castle Age
23:19 Fletching
26:20 Forging
28:52 Wheelbarrow
29:44 Scale Mail Armor
31:13 Fervor
32:04 Bow Saw
32:14 Gold Mining
34:13 Chain Mail Armor
34:33 Iron Casting
37:36 Imperial Age
35:29 Hand Cart
36:01 Town Watch
36:07 Horse Collar
39:12 Squires
40:48 Chemistry
40:09 Ballistics
39:52 Eagle Warrior
41:38 Pikeman
41:47 Elite Eagle Warrior
42:36 Atlatl
43:19 Plate Mail Armor
46:28 Garland Wars
46:30 Conscription
Connection lost

Rejoining the realm…

Still unreachable

The connection could not be restored.

Session expired

The server has moved on; the page needs a fresh start.